AoeStats
← 給你舒服

Arabia

510319281Analyzed
3v3 RM · 18h ago on Sep 30, 2026· 40m 37s· 6 players
Game mode
Random Map
Map size
Normal (6 player)
Population
200
Speed
Normal
Resources
Standard
Victory
Conquest
Starting age
Dark Age
Ending age
Imperial Age
RankedLock teamsTeams togetherTeam positionsShared explorationLock speedFull tech treeHidden civsTurbo modeCheats
Victory
Defeat
🇸🇪 Malians · Sweden
1183
+9
🇸🇪 Franks · Sweden
1030
+15
🇭🇰 Italians · Hong Kong SAR China
962
+18
🇹🇼 Magyars · Taiwan
1033
-15
🇹🇷 Teutons · Türkiye
1011
-14
🇵🇪 Bohemians · Peru
1001
-13
marshall_o18
0:44 Loom
10:20 Feudal Age
20:07 Castle Age
18:17 Double-Bit Axe
17:55 Man-at-Arms
19:12 Scale Mail Armor
19:23 Forging
21:04 Long Swordsman
25:17 Pikeman
27:05 Squires
27:47 Horse Collar
35:50 Imperial Age
35:43 Chemistry
36:29 Arson
給你舒服
10:10 Feudal Age
10:36 Double-Bit Axe
11:18 Horse Collar
12:47 Bloodlines
16:07 Scale Barding Armor
18:07 Loom
21:49 Castle Age
20:55 Gold Mining
21:26 Stone Mining
23:28 Chain Barding Armor
22:38 Pikeman
23:43 Fletching
26:21 Corvinian Army
37:33 Imperial Age
Cerrahpaşalı Halit
12:01 Feudal Age
18:15 Horse Collar
22:17 Castle Age
21:30 Arson
21:06 Man-at-Arms
23:17 Scale Mail Armor
23:03 Long Swordsman
24:59 Gambesons
25:15 Squires
25:31 Loom
27:20 Chain Mail Armor
27:49 Stone Mining
28:12 Forging
28:40 Wheelbarrow
29:54 Padded Archer Armor
29:44 Fletching
37:41 Imperial Age
36:33 Elite Skirmisher
Molk
11:50 Feudal Age
16:29 Castle Age
15:18 Double-Bit Axe
17:17 Loom
18:15 Forging
18:58 Husbandry
27:59 Iron Casting
27:30 Scale Barding Armor
30:05 Wheelbarrow
30:22 Gold Mining
31:18 Hand Cart
35:26 Imperial Age
33:21 Chain Barding Armor
34:24 Bow Saw
35:57 Gold Shaft Mining
35:29 Cavalier
38:48 Blast Furnace
37:48 Paladin
39:27 Chivalry
39:47 Conscription
Bulbu
3:31 Loom
11:48 Feudal Age
16:21 Castle Age
15:15 Double-Bit Axe
15:17 Horse Collar
15:39 Stone Mining
28:09 Bow Saw
30:07 Forging
30:24 Scale Mail Armor
30:37 Squires
30:23 Arson
32:51 Wheelbarrow
33:34 Gold Mining
35:35 Scale Barding Armor
36:06 Iron Casting
38:25 Imperial Age
36:57 Bloodlines
37:06 Chain Mail Armor
38:02 Husbandry
37:26 Light Cavalry
38:29 Tigui
38:59 Hand Cart
38:39 Fletching
40:04 Conscription
40:42 Chain Barding Armor
不明步行下體
12:05 Feudal Age
12:38 Double-Bit Axe
13:35 Horse Collar
13:56 Loom
20:12 Castle Age
18:19 Gold Mining
19:36 Fletching
21:57 Padded Archer Armor
22:33 Crossbowman
25:45 Heavy Plow
27:59 Bodkin Arrow
28:21 Leather Archer Armor
32:10 Wheelbarrow
31:39 Heated Shot
35:21 Imperial Age
32:39 Town Watch
33:34 Ballistics
33:30 Thumb Ring
34:00 Bow Saw
35:10 Masonry
34:44 Treadmill Crane
37:08 Hand Cart
37:10 Elite Genoese Crossbowman
39:39 Conscription
Connection lost

Rejoining the realm…

Still unreachable

The connection could not be restored.

Session expired

The server has moved on; the page needs a fresh start.